 Dungeon Crawl Stone Soup version 0.22.1-2-g9c5b331383 (webtiles) character file.

1159 Jukra the Chopper (level 8, -9/103 HPs)
             Began as a Yellow Draconian Berserker on Dec 24, 2018.
             Was a Priest of Trog.
             Mangled by an orc warrior
             ... wielding a +0 halberd
              (22 damage)
             ... on level 6 of the Dungeon.
             The game lasted 00:14:01 (4390 turns).

Jukra the Chopper (Yellow Draconian Berserker)      Turns: 4390, Time: 00:14:02

Health: -9/103     AC:  9    Str: 28    XL:     8   Next: 16%
Magic:  8/8        EV: 11    Int:  7    God:    Trog [***...]
Gold:   264        SH: 11    Dex: 10    Spells: 7/7 levels left

rFire    + . .     SeeInvis .   t - +3 long sword
rCold    x . .     Gourm    .   u - +0 shield
rNeg     . . .     Faith    .   (armour unavailable)
rPois    .         Spirit   .   (helmet restricted)
rElec    .         Reflect  +   (no cloak)
rCorr    +         Harm     .   (no gloves)
MR       .....                  c - +2 pair of boots {run}
Stlth    ..........             p - +3 amulet of reflection
HPRegen  0.27/turn              (no ring)
MPRegen  0.11/turn              g - ring of fire

@: berserking, very quick
A: spit acid, acid resistance, unfitting armour, cold-blooded, AC +6
a: Breathe Acid, Berserk, Trog's Hand, Renounce Religion


You were on level 6 of the Dungeon.
You worshipped Trog.
Trog was most pleased with you.
You were hungry.

You visited 1 branch of the dungeon, and saw 6 of its levels.

You collected 264 gold pieces.

Inventory:

Hand Weapons
 a - a +0 hand axe
 f - a +2 short sword of venom
 r - a +1 whip of flaming
 t - a +3 long sword (weapon)
Armour
 c - a +2 pair of boots of running (worn)
 u - a +0 shield (worn)
Jewellery
 g - a ring of fire (right hand)
 p - a +3 amulet of reflection (around neck)
Scrolls
 d - 3 scrolls of remove curse
 e - 5 scrolls of identify {unknown}
 i - 2 scrolls of immolation {unknown}
 k - 2 scrolls of fog {unknown}
 l - a scroll of blinking {unknown}
 m - a scroll of teleportation {unknown}
 n - 2 scrolls of amnesia {unknown}
 o - a scroll of random uselessness {unknown}
 q - a scroll of noise {unknown}
 v - a scroll of magic mapping {unknown}
Potions
 h - a potion of invisibility {unknown}
 j - a potion of mutation {unknown}
 s - 5 potions of curing
 w - a potion of brilliance {unknown}
Comestibles
 b - 6 rations


   Skills:
 + Level 5.4 Fighting
 * Level 2.9 Long Blades
 - Level 6.4 Axes
 + Level 5.4 Dodging
 + Level 1.9 Stealth
 + Level 1.1 Shields


You had 7 spell levels left.
You didn't know any spells.
Your spell library was empty.

Dungeon Overview and Level Annotations

Branches:
Dungeon (6/15)             Temple (0/1) D:4

Altars:
Makhleb
Nemelex Xobeh
Okawaru
Qazlal
Uskayaw
Xom


Innate Abilities, Weirdness & Mutations

You can spit globs of acid.
You are resistant to acid.
Your golden yellow scales are hard. (AC +6)
You cannot fit into any form of body armour.
You are cold-blooded and may be slowed by cold attacks.


Message History

A hound comes into view.
The orc warrior hits you with a halberd!
You are too injured to fight recklessly!
You are too injured to fight recklessly!
You are too injured to fight recklessly!
You are too injured to fight recklessly!
You are too injured to fight recklessly!
You closely miss the orc warrior.
The hound barks!
Your tail-slap misses the orc warrior.
The orc warrior is heavily wounded.
You hear a shout! x2; You hear an angry hiss.
The orc warrior hits you with a halberd!!
* * * LOW HITPOINT WARNING * * *
A red film seems to cover your vision as you go berserk!
You feel yourself moving faster!
You feel mighty!
You are feeling hungry.
You block the hound's attack.
The orc warrior hits you with a halberd!!
You die...

##### .._. #..##
# ...# #. #oh#.#
#.# #@.#.#
#..###..#.#
#......#.#
#...[#.#.#
#....#...##
#.....#...#
#.........#
##....##...###
#.....##.#...####


You could see an orc warrior and a hound.

Vanquished Creatures
  Pikel (D:4)
  An ice beast (D:5)
  A phantom (D:4)
  A scorpion (D:5)
  An orc wizard (D:5)
  An orc priest (D:5)
  An iguana (D:6)
  4 worker ants
  13 adders
  6 gnolls
  A shadow imp (D:6)
  3 worms
  5 dart slugs
  6 leopard geckos
  7 orcs
  4 ball pythons
  9 bats
  5 giant cockroaches
  13 goblins
  11 hobgoblins
  A quokka (D:2)
  2 frilled lizards (D:3)
  5 kobolds
  9 rats
111 creatures vanquished.

Notes
Turn   | Place    | Note
-------+----------+-------------------------------------------
     0 | D:1      | Jukra the Draconian Berserker began the quest for the Orb.
     0 | D:1      | Reached XP level 1. HP: 19/19 MP: 1/1
    90 | D:1      | Reached XP level 2. HP: 24/26 MP: 2/2
   668 | D:1      | Reached XP level 3. HP: 30/33 MP: 3/3
   755 | D:1      | Reached ** piety under Trog
  1096 | D:2      | Found a faded altar of an unknown god.
  1109 | D:2      | Found a shimmering altar of Xom.
  1140 | D:2      | Reached XP level 4. HP: 38/40 MP: 4/4
  1150 | D:2      | Found a hide-covered altar of Uskayaw.
  1184 | D:2      | Reached skill level 4 in Axes
  1914 | D:3      | Reached skill level 1 in Stealth
  1914 | D:3      | Reached XP level 5. HP: 35/46 MP: 5/5
  2009 | D:3      | HP: 2/46 [adder (1)]
  2303 | D:3      | Found a sparkling altar of Nemelex Xobeh.
  2499 | D:3      | Found a burning altar of Makhleb.
  2673 | D:4      | Found a staircase to the Ecumenical Temple.
  2699 | D:4      | Identified a +2 pair of boots of running (You found it on
                  | level 4 of the Dungeon)
  2749 | D:4      | Noticed a phantom
  2766 | D:4      | Killed a phantom
  2766 | D:4      | Reached skill level 5 in Axes
  2766 | D:4      | Reached XP level 6. HP: 13/53 MP: 6/6
  3071 | D:4      | Noticed Pikel
  3071 | D:4      | Noticed a slave
  3071 | D:4      | Noticed a slave
  3071 | D:4      | Noticed a slave
  3071 | D:4      | Noticed a slave
  3093 | D:4      | Killed Pikel
  3093 | D:4      | Reached skill level 5 in Fighting
  3093 | D:4      | Reached skill level 6 in Axes
  3093 | D:4      | Reached skill level 5 in Dodging
  3093 | D:4      | Your scales start taking on a golden yellow colour.
  3093 | D:4      | Reached XP level 7. HP: 21/61 MP: 7/7
  3509 | D:4      | Found an iron altar of Okawaru.
  3661 | D:5      | Entered Level 5 of the Dungeon
  3668 | D:5      | Reached *** piety under Trog
  3882 | D:5      | Reached skill level 1 in Long Blades
  3973 | D:5      | Reached XP level 8. HP: 64/69 MP: 8/8
  3997 | D:5      | Reached skill level 1 in Shields
  4382 | D:6      | Found a stormy altar of Qazlal.
  4390 | D:6      | Mangled by an orc warrior

Skill      XL: |  1  2  3  4  5  6  7  8 |
---------------+-------------------------+-----
Dodging        | 3 4 5 |  5.4
Fighting       | 4 5 |  5.4
Axes           | 4 5 6 |  6.4
Stealth        | 1 |  1.9
Long Blades    | 1 2 |  2.9
Shields        | 1 |  1.1

Action                   |  1- 3 |  4- 6 |  7- 9 || total
-------------------------+-------+-------+-------++-------
Melee: Hand axe          |   121 |   168 |    20 ||   309
       Tailslap          |    10 |    15 |     8 ||    33
       Long sword        |       |       |    63 ||    63
Invok: Berserk           |       |     2 |     1 ||     3
       Trog's Hand       |       |     1 |       ||     1
 Abil: Breathe Acid      |       |       |     2 ||     2
  Use: Scroll            |       |     1 |       ||     1
       Potion            |       |     1 |       ||     1
 Stab: Sleeping          |     1 |     2 |       ||     3
  Eat: Chunk             |       |     4 |     3 ||     7
       Ration            |       |     2 |       ||     2
Armor: Skin              |    35 |    42 |    25 ||   102
Dodge: Dodged            |    93 |   145 |    59 ||   297
Block: Other             |       |     4 |     3 ||     7
       Shield            |       |       |    37 ||    37
       Reflection        |       |       |     1 ||     1
       Rpst.: Long sword |       |       |    13 ||    13
